[Event "Titled Tuesday Blitz May 16 Early 2023"]
[White "Sailer, Mike"]
[Black "DubiousM0ves532"]
[WhiteFideId "2012901"]
[WhiteElo "2109"]
[BlackElo "2464"]
[Result "0-1"]
[Round "02"]
[TimeControl "180+2"]
[Date "2023.05.16"]
[WhiteClock "0:00:00"]
[BlackClock "0:00:17"]

1. d4 Nf6 2. Bg5 e6 3. Nd2 d5 4. e3 Be7 5. Bd3 O-O 6. c3 c5 7. f4 b6 8. Ngf3 Ba6 9. Bxa6 Nxa6 10. O-O Nc7 11. Ne5 Qd6 12. Rf3 Ne4 13. Bxe7 Qxe7 14. Nxe4 dxe4 15. Rh3 f6 16. Nc4 Nd5 17. Qh5 g6 18. Qh4 f5 19. Qxe7 Nxe7 20. g4 Nd5 21. g5 cxd4 22. cxd4 Rac8 23. b3 b5 24. Nd6 Rb8 25. a4 Rb6 26. Nxb5 a6 27. Na3 Rxb3 28. Nc4 Rc8 29. Na5 Rb2 0-1


[Site "https://www.chess.com"]

[Event "Titled Tuesday Blitz May 16 Early 2023"]
[White "Castellanos Gomez, Alejandro"]
[Black "Necula, Iulian"]
[WhiteFideId "22284141"]
[BlackFideId "1232380"]
[WhiteElo "2158"]
[BlackElo "1790"]
[Result "1-0"]
[Round "02"]
[TimeControl "180+2"]
[Date "2023.05.16"]
[WhiteClock "0:02:21"]
[BlackClock "0:00:12"]

1. d4 d6 2. Bf4 f5 3. Nc3 Nf6 4. h3 g6 5. Qd2 h6 6. O-O-O g5 7. Bh2 e6 8. g4 f4 9. e3 fxe3 10. fxe3 Qe7 11. Bd3 Rg8 12. e4 Bd7 13. e5 Nd5 14. Nxd5 exd5 15. exd6 Qf7 16. Re1+ Kd8 17. dxc7+ Kc8 18. cxb8=Q+ Rxb8 19. Qa5 b6 20. Qxa7 Rb7 21. Qa8+ Rb8 22. Qxb8# 1-0


[Site "https://www.chess.com"]

[Event "Titled Tuesday Blitz May 16 Early 2023"]
[White "Rios Escobar, Adan"]
[Black "Flis, Pawel"]
[WhiteFideId "3403645"]
[BlackFideId "1112864"]
[WhiteElo "2456"]
[BlackElo "1822"]
[Result "1-0"]
[Round "02"]
[TimeControl "180+2"]
[Date "2023.05.16"]
[WhiteClock "0:00:13"]
[BlackClock "0:00:01"]

1. d4 c5 2. d5 Nf6 3. c4 b5 4. cxb5 a6 5. bxa6 Bxa6 6. Nc3 g6 7. g3 Bg7 8. Bg2 d6 9. Nf3 Nfd7 10. h4 Nb6 11. h5 N8d7 12. h6 Bf6 13. Bh3 Nc4 14. O-O Nde5 15. Ng5 Bc8 16. Nce4 Bxh3 17. Nxh3 Qd7 18. Nf4 O-O 19. Nxf6+ exf6 20. b3 Nb6 21. Bb2 Qg4 22. Kg2 g5 23. f3 Qc8 24. Nh5 Qf5 25. e4 Qg6 26. f4 Ned7 27. Qg4 Qxh6 28. fxg5 fxg5 29. Nf6+ Nxf6 30. Rxf6 Qg7 31. a4 h6 32. Rh1 Rae8 33. Rfxh6 Qxb2+ 34. Kh3 Kg7 35. Qxg5# 1-0


[Site "https://www.chess.com"]

[Event "Titled Tuesday Blitz May 16 Early 2023"]
[White "Chernov, Mikhail"]
[Black "Kriti Mayur Patel"]
[WhiteFideId "24143170"]
[BlackFideId "35061780"]
[WhiteElo "2113"]
[BlackElo "1306"]
[Result "1-0"]
[Round "02"]
[TimeControl "180+2"]
[Date "2023.05.16"]
[WhiteClock "0:01:05"]
[BlackClock "0:00:40"]

1. e4 e5 2. Nc3 Nf6 3. Bc4 Nxe4 4. Qh5 Nd6 5. Bb3 Nc6 6. Nb5 g6 7. Qf3 f5 8. Qd5 Qe7 9. Nxc7+ Kd8 10. Nxa8 b6 11. d3 Bb7 12. h4 Nd4 13. Qxb7 Nxb7 14. Bg5 Qxg5 15. hxg5 Kc8 16. Ne2 Nxb3 17. axb3 Kb8 18. Ra4 Kxa8 19. Rah4 Be7 20. Rxh7 Re8 21. Rh8 Bf8 22. R1h7 Nc5 23. Rf7 Ne6 24. Nc3 e4 25. dxe4 fxe4 26. Kf1 Kb8 27. Nxe4 Kc7 28. Nf6 Rd8 29. f4 a5 30. g4 b5 31. f5 gxf5 32. gxf5 Nxg5 33. Rfxf8 Rxf8 34. Rxf8 Nf3 35. Nh7 Nd4 36. f6 Nxc2 37. f7 Na1 38. Ra8 Nxb3 39. f8=Q a4 40. Ra6 Nd2+ 41. Ke2 Nc4 42. Qc5+ Kb7 43. Ra7+ Kb8 44. Qc7# 1-0


[Site "https://www.chess.com"]

[Event "Titled Tuesday Blitz May 16 Early 2023"]
[White "Zavortink, Matt"]
[Black "Hartikainen, Jarmo"]
[WhiteFideId "2034263"]
[BlackFideId "503134"]
[WhiteElo "2455"]
[BlackElo "2092"]
[Result "1-0"]
[Round "02"]
[TimeControl "180+2"]
[Date "2023.05.16"]
[WhiteClock "0:00:21"]
[BlackClock "0:00:08"]

1. Nf3 Nf6 2. g3 g6 3. b3 Bg7 4. Bb2 O-O 5. Bg2 d6 6. d4 e5 7. dxe5 Ng4 8. Nc3 Nxe5 9. Qd2 Nxf3+ 10. Bxf3 Nc6 11. O-O-O a5 12. a4 Nb4 13. h4 Qf6 14. Kb1 Bf5 15. Rc1 c6 16. Nd1 Qe7 17. Bxg7 Kxg7 18. h5 b5 19. hxg6 fxg6 20. axb5 a4 21. Qxb4 axb3 22. Qxb3 Ra5 23. Qc3+ Qe5 24. Qxa5 Rb8 25. Qc7+ Kf6 26. Qxb8 Qc5 27. Qf8+ 1-0


[Site "https://www.chess.com"]

[Event "Titled Tuesday Blitz May 16 Early 2023"]
[White "Vargas Rodriguez, Wilver"]
[Black "Osinovsky, Stepan"]
[WhiteFideId "3509672"]
[BlackFideId "4157354"]
[WhiteElo "2246"]
[BlackElo "2222"]
[Result "0-1"]
[Round "02"]
[TimeControl "180+2"]
[Date "2023.05.16"]
[WhiteClock "0:00:00"]
[BlackClock "0:00:12"]

1. Nf3 Nf6 2. b3 g6 3. Bb2 Bg7 4. e4 d6 5. a4 O-O 6. d3 e5 7. Be2 Nh5 8. g3 c5 9. Nc3 Nc6 10. Nd5 Be6 11. Qd2 b6 12. h3 Bxd5 13. exd5 Nb4 14. Nh4 Nf4 15. Bf3 Bh6 16. Kf1 Kg7 17. gxf4 Qxh4 18. c3 Na6 19. Qe2 Bxf4 20. d4 Nc7 21. dxc5 bxc5 22. Bg2 Rab8 23. Qc2 Rb7 24. b4 Rfb8 25. b5 a6 26. c4 Ne8 0-1


[Site "https://www.chess.com"]

[Event "Titled Tuesday Blitz May 16 Early 2023"]
[White "Bettalli, Francesco"]
[Black "Torres Dominguez, David"]
[WhiteFideId "2816453"]
[BlackFideId "2220857"]
[WhiteElo "2216"]
[BlackElo "1999"]
[Result "1-0"]
[Round "02"]
[TimeControl "180+2"]
[Date "2023.05.16"]
[WhiteClock "0:01:57"]
[BlackClock "0:00:32"]

1. d4 e5 2. Nc3 d6 3. dxe5 dxe5 4. Qxd8+ Kxd8 5. Nf3 f6 6. e4 Be6 7. Be3 Nd7 8. O-O-O c6 9. Nd2 Bc5 10. Bc4 Bxc4 11. Nxc4 Bxe3+ 12. Nxe3 Kc7 13. Nf5 g6 14. Nd6 Ne7 15. Nxb7 Rab8 16. Nd6 Nc5 17. f3 Rb6 18. Nc4 Rb4 19. b3 Rhb8 20. a3 R4b7 21. b4 Ne6 22. Nd6 Rb6 23. Rd3 Rd8 24. Nc4 Rxd3 25. cxd3 Rb8 26. Kd2 Rd8 27. Rc1 Kb7 28. Na5+ Kb6 29. Na4+ Kb5 30. Nc5 Nf4 31. g3 Nh3 32. Ne6 Rd7 33. Rc5+ Kb6 34. Nc4+ Kb7 35. Ra5 Nc8 36. Nc5+ Kc7 37. Nxd7 Kxd7 38. Ke3 Kc7 39. Nxe5 fxe5 40. Rxe5 Kd6 41. f4 Nb6 42. Kf3 Nd7 43. Ra5 Ng1+ 44. Kf2 Nh3+ 45. Kg2 1-0


[Site "https://www.chess.com"]

[Event "Titled Tuesday Blitz May 16 Early 2023"]
[White "Joubert, Dantelle"]
[Black "Jumanov, Elbek"]
[WhiteFideId "14310813"]
[BlackFideId "14202905"]
[WhiteElo "1507"]
[BlackElo "2055"]
[Result "0-1"]
[Round "02"]
[TimeControl "180+2"]
[Date "2023.05.16"]
[WhiteClock "0:00:32"]
[BlackClock "0:01:58"]

1. d4 Nf6 2. c4 c5 3. d5 b5 4. Qc2 bxc4 5. e4 d6 6. Bxc4 g6 7. Nc3 Bg7 8. Nf3 O-O 9. O-O Ba6 10. Nd2 Bxc4 11. Nxc4 Nbd7 12. h3 Nb6 13. Ne3 Nfd7 14. f4 Qc8 15. b3 c4 16. b4 a5 17. Ba3 axb4 18. Bxb4 Nc5 19. Bxc5 Qxc5 20. Kh1 Qxe3 0-1


[Site "https://www.chess.com"]

[Event "Titled Tuesday Blitz May 16 Early 2023"]
[White "Deepak, Katiyar"]
[Black "Mostbauer, Florian"]
[WhiteFideId "5026792"]
[BlackFideId "1626671"]
[WhiteElo "2069"]
[BlackElo "2234"]
[Result "0-1"]
[Round "02"]
[TimeControl "180+2"]
[Date "2023.05.16"]
[WhiteClock "0:00:00"]
[BlackClock "0:00:55"]

1. d4 d5 2. c4 c6 3. Nc3 Nf6 4. Nf3 dxc4 5. a4 Bf5 6. e3 e6 7. Bxc4 Bb4 8. O-O O-O 9. Nh4 Nbd7 10. Nxf5 exf5 11. Bd3 g6 12. Bd2 Qa5 13. Qc2 Rac8 14. Rfd1 Rfd8 15. Ne2 Bxd2 16. Qxd2 Qxd2 17. Rxd2 Nb6 18. Nf4 Nbd5 19. Nxd5 Nxd5 20. Bc4 Kg7 21. Bxd5 Rxd5 22. Rc2 Rcd8 23. Rac1 f4 24. Kf1 Re8 25. Rc3 f5 26. b3 Kf6 27. Rd3 Re4 28. Rc5 Ke6 29. Rxd5 Kxd5 30. Rc3 fxe3 31. fxe3 f4 32. Rc5+ Kd6 33. exf4 Rxf4+ 34. Ke2 Rxd4 35. Ra5 Rb4 36. Rxa7 Rxb3 37. a5 Rb2+ 38. Kf3 Rb3+ 39. Kf2 h5 40. a6 bxa6 41. Rxa6 Rb8 42. Ra7 Rf8+ 43. Ke3 Rf6 44. Ra5 c5 0-1


[Site "https://www.chess.com"]

[Event "Titled Tuesday Blitz May 16 Early 2023"]
[White "White, John S."]
[Black "Aakanksha Hagawane"]
[WhiteFideId "2502348"]
[BlackFideId "25014510"]
[WhiteElo "2020"]
[BlackElo "2081"]
[Result "0-1"]
[Round "02"]
[TimeControl "180+2"]
[Date "2023.05.16"]
[WhiteClock "0:00:29"]
[BlackClock "0:00:15"]

1. e4 e5 2. Nf3 Nc6 3. d4 exd4 4. Nxd4 Bc5 5. Be3 Qf6 6. c3 Nge7 7. Bc4 d6 8. O-O Bb6 9. Nb5 Ba5 10. b4 a6 11. bxa5 axb5 12. Bxb5 Rxa5 13. Qb3 Be6 14. Bxc6+ Nxc6 15. Qxb7 Bd7 16. Qxc7 Rh5 17. Bd4 Qf4 18. g3 Qg4 19. f4 O-O 20. Nd2 Nxd4 21. cxd4 Qe2 22. Qxd7 Qxh2# 0-1


[Site "https://www.chess.com"]

[Event "Titled Tuesday Blitz May 16 Early 2023"]
[White "electrosaw"]
[Black "Maranhao,Jose Renato Ruiz"]
[BlackFideId "2135175"]
[WhiteElo "2451"]
[BlackElo "1970"]
[Result "1-0"]
[Round "02"]
[TimeControl "180+2"]
[Date "2023.05.16"]
[WhiteClock "0:01:12"]
[BlackClock "0:00:00"]

1. e4 c6 2. Nc3 d5 3. Nf3 Bg4 4. h3 Bxf3 5. Qxf3 e6 6. d4 Bb4 7. Qg3 Nf6 8. Bd2 Bxc3 9. Bxc3 Nxe4 10. Qxg7 Qf6 11. Qxf6 Nxf6 12. O-O-O Nbd7 13. Bd3 O-O-O 14. Rhg1 Rdg8 15. Bd2 h5 16. h4 Rg4 17. Bg5 Ne4 18. f3 Nxg5 19. fxg4 hxg4 20. hxg5 1-0


[Site "https://www.chess.com"]

[Event "Titled Tuesday Blitz May 16 Early 2023"]
[White "Maluco_do_Natal_00"]
[Black "Kielinkei"]
[WhiteElo "2003"]
[BlackElo "2447"]
[Result "1-0"]
[Round "02"]
[TimeControl "180+2"]
[Date "2023.05.16"]
[WhiteClock "0:00:08"]
[BlackClock "0:00:11"]

1. e4 c5 2. f3 d5 3. exd5 Nf6 4. Bb5+ Bd7 5. Qe2 Nxd5 6. Bxd7+ Qxd7 7. d3 Nc6 8. c3 e6 9. Nh3 Be7 10. O-O O-O 11. Nd2 Rad8 12. Ne4 b6 13. Rd1 Qc7 14. Kh1 h6 15. Qf2 Rfe8 16. f4 Nf6 17. Nxf6+ Bxf6 18. Be3 Ne7 19. Qf3 c4 20. d4 Nd5 21. Bd2 Qd7 22. Nf2 b5 23. Ne4 a6 24. Rf1 Qc7 25. h3 Re7 26. Qg4 Kh8 27. f5 exf5 28. Qxf5 Qd7 29. Qf3 Rde8 30. Nxf6 Nxf6 31. Bxh6 Re6 32. Bf4 Kg8 33. Be5 Qd5 34. Bxf6 Qxf3 35. Rxf3 gxf6 36. Rf2 Re2 37. Raf1 Rxf2 38. Rxf2 Kg7 39. Kh2 Kg6 40. Kg3 f5 41. Kf3 Kf6 42. Re2 Rd8 43. Re5 Rd7 44. a3 Rd8 45. Kf4 Kg6 46. Rxf5 Rb8 47. Rg5+ Kf6 48. Rc5 a5 49. Rc6+ Ke7 50. Rc5 b4 51. axb4 axb4 52. Rxc4 bxc3 53. bxc3 Rb2 54. g4 Rf2+ 55. Kg3 Re2 56. Kh4 Re3 57. Rc5 Re6 58. g5 Re4+ 59. Kh5 Re3 60. h4 Re4 61. d5 Kd6 62. Rb5 Rc4 63. Rb7 Kxd5 64. Rxf7 Ke6 65. Rf3 Ke7 66. g6 Rc5+ 67. Kh6 Rc4 68. h5 Ke6 69. g7 Ke7 70. g8=Q Rc6+ 71. Kh7 Rc7 72. Qg7+ Kd6 73. Rd3+ Kc6 74. Qxc7+ Kxc7 75. Kg7 Kc6 76. h6 Kc5 77. h7 Kc4 78. Re3 Kb3 79. Rh3 Kc2 80. h8=Q Kb2 81. Qc8 Ka2 82. c4 Kb2 83. Qb7+ Ka2 84. c5 Ka1 85. c6 Ka2 86. c7 Ka1 87. c8=Q Ka2 88. Qca8# 1-0


[Site "https://www.chess.com"]

[Event "Titled Tuesday Blitz May 16 Early 2023"]
[White "Yeritsyan, Hayk"]
[Black "Castillo Pena, Patricia Evarista"]
[WhiteFideId "13307320"]
[BlackFideId "6412106"]
[WhiteElo "2446"]
[BlackElo "1919"]
[Result "1-0"]
[Round "02"]
[TimeControl "180+2"]
[Date "2023.05.16"]
[WhiteClock "0:02:01"]
[BlackClock "0:00:23"]

1. b3 e5 2. Bb2 Nc6 3. e3 d5 4. Bb5 Bd6 5. Nf3 Qe7 6. d4 e4 7. Ne5 Bd7 8. Nxd7 Qxd7 9. O-O Nge7 10. c4 a6 11. Bxc6 bxc6 12. Ba3 Bxa3 13. Nxa3 O-O 14. Qd2 a5 15. Rac1 a4 16. b4 f5 17. b5 dxc4 18. bxc6 Nxc6 19. Rxc4 Ne5 20. Rc3 Nd3 21. Nc4 Qd6 22. Nxd6 1-0


[Site "https://www.chess.com"]

[Event "Titled Tuesday Blitz May 16 Early 2023"]
[White "Lohani, Sujana"]
[Black "Khromkin, Andrey"]
[WhiteFideId "12311987"]
[BlackFideId "4154126"]
[WhiteElo "1718"]
[BlackElo "2446"]
[Result "0-1"]
[Round "02"]
[TimeControl "180+2"]
[Date "2023.05.16"]
[WhiteClock "0:00:00"]
[BlackClock "0:00:45"]

1. d4 d5 2. Nf3 a6 3. c4 dxc4 4. a4 Nc6 5. e3 Bg4 6. Bxc4 e6 7. O-O Nf6 8. h3 Bh5 9. Be2 Bd6 10. Nc3 Qe7 11. e4 Bxf3 12. Bxf3 Rd8 13. d5 Ne5 14. Qe2 exd5 15. exd5 O-O 16. Bg5 Nxf3+ 17. Qxf3 Qe5 18. Qg3 Qf5 19. Qe3 Rfe8 20. Qd2 Bb4 21. Bxf6 Qxf6 22. Rad1 Bxc3 23. bxc3 Re4 24. Rfe1 Rxa4 25. Qe3 h6 26. Qe7 Qxe7 27. Rxe7 Rc4 28. Rd3 Rc5 29. d6 Rxd6 30. Rxd6 cxd6 31. Rxb7 Rxc3 32. Ra7 Ra3 33. Rd7 a5 34. Rxd6 a4 35. Ra6 Ra1+ 36. Kh2 a3 37. Kg3 Kf8 38. Kf3 Ke7 39. Ke2 h5 40. Kd2 h4 41. Ra4 g5 42. Ke2 f5 43. Kf3 a2 44. Ke2 g4 45. hxg4 fxg4 46. f3 gxf3+ 0-1


[Site "https://www.chess.com"]

[Event "Titled Tuesday Blitz May 16 Early 2023"]
[White "Vargas, Mauricio"]
[Black "Devaev, Alexander"]
[WhiteFideId "4404572"]
[BlackFideId "4169395"]
[WhiteElo "1986"]
[BlackElo "2172"]
[Result "0-1"]
[Round "02"]
[TimeControl "180+2"]
[Date "2023.05.16"]
[WhiteClock "0:00:00"]
[BlackClock "0:01:54"]

1. e4 c6 2. Nc3 d5 3. f4 dxe4 4. Nxe4 Nf6 5. Nf2 Bf5 6. Nf3 e6 7. h3 h6 8. g4 Bh7 9. Bg2 Bd6 10. d3 Qc7 11. Qd2 Nd5 12. f5 exf5 13. Nd4 fxg4 14. Nxg4 Nd7 15. O-O O-O 16. Nf3 Bf4 17. Qe1 Rae8 18. Qd1 h5 19. Nf2 Bxc1 20. Rxc1 Ne3 21. Qd2 Qg3 22. Nh1 Nxf1 23. Rxf1 Qd6 0-1


[Site "https://www.chess.com"]

[Event "Titled Tuesday Blitz May 16 Early 2023"]
[White "stratacticos"]
[Black "Bagrationi, Alexander"]
[BlackFideId "14104954"]
[WhiteElo "1869"]
[BlackElo "2398"]
[Result "0-1"]
[Round "02"]
[TimeControl "180+2"]
[Date "2023.05.16"]
[WhiteClock "0:00:00"]
[BlackClock "0:01:34"]

1. e4 c5 2. b4 cxb4 3. a3 bxa3 4. Nxa3 d5 5. exd5 Qxd5 6. Nf3 Nc6 7. c4 Qd8 8. d4 e6 9. Be2 Nf6 10. O-O Be7 11. Bf4 O-O 12. h3 h6 13. Nb5 a6 14. Nc7 Ra7 15. d5 exd5 16. cxd5 Bd6 17. Bxd6 Qxd6 18. dxc6 Qxc7 19. cxb7 Bxb7 20. Qd4 Raa8 21. Rfc1 Qe7 22. Re1 Rfd8 23. Qf4 Qd6 24. Ne5 a5 25. Rad1 Qb4 26. Rxd8+ Rxd8 27. Qxb4 axb4 28. Rb1 Rd4 29. Nd3 Be4 30. Rxb4 Rxd3 31. Rxe4 Rd2 32. Re7 Kf8 33. Re3 g5 34. Bc4 Rc2 35. Bf1 Rc1 36. g3 Nd5 37. Re5 Nc3 38. Kg2 Kg7 39. Bd3 Rd1 40. Be2 Re1 0-1


[Site "https://www.chess.com"]

[Event "Titled Tuesday Blitz May 16 Early 2023"]
[White "Cezila Jr, Rubens"]
[Black "Viasus, Juan Diego"]
[WhiteFideId "2116723"]
[BlackFideId "4464346"]
[WhiteElo "2214"]
[BlackElo "1249"]
[Result "1-0"]
[Round "02"]
[TimeControl "180+2"]
[Date "2023.05.16"]
[WhiteClock "0:00:53"]
[BlackClock "0:00:17"]

1. c4 c5 2. Nc3 Nc6 3. g3 g6 4. Bg2 Bg7 5. h4 Nf6 6. d3 O-O 7. h5 e6 8. e4 d6 9. hxg6 fxg6 10. Nf3 Nd4 11. Bh6 e5 12. Bg5 Qb6 13. Nxd4 cxd4 14. Bxf6 dxc3 15. Bxg7 cxb2 16. Bxf8 bxa1=Q 17. Qxa1 Kxf8 18. O-O Be6 19. Kh2 Kg7 20. f4 Qc5 21. Qb2 b6 22. f5 Bf7 23. fxg6 Bxg6 24. Qe2 Qc8 25. Bh3 Qd8 26. Qg4 Qe7 27. Rf2 Qc7 28. Qg5 Qb7 29. Qf6+ Kg8 30. Be6+ 1-0


[Site "https://www.chess.com"]

[Event "Titled Tuesday Blitz May 16 Early 2023"]
[White "Pesotskiy, Mikhail"]
[Black "Sanchez, Robert"]
[WhiteFideId "34164453"]
[BlackFideId "2034360"]
[WhiteElo "2131"]
[BlackElo "1842"]
[Result "0-1"]
[Round "02"]
[TimeControl "180+2"]
[Date "2023.05.16"]
[WhiteClock "0:00:00"]
[BlackClock "0:02:03"]

1. c4 e6 2. g3 d5 3. Bg2 Nf6 4. Nf3 Be7 5. O-O O-O 6. b3 c6 7. Bb2 Nbd7 8. d3 b5 9. Nbd2 b4 10. e4 Bb7 11. e5 Ne8 12. d4 c5 13. Qe2 dxc4 14. Nxc4 cxd4 15. Nxd4 Bxg2 16. Kxg2 Nc5 17. Nc6 Qc7 18. Nxe7+ Qxe7 19. Rfd1 f6 20. f4 fxe5 21. Bxe5 Nf6 22. Bd6 Qb7+ 23. Qf3 Qxf3+ 24. Kxf3 Rfc8 25. Rac1 Nd5 26. g4 Kf7 0-1


[Site "https://www.chess.com"]

[Event "Titled Tuesday Blitz May 16 Early 2023"]
[White "Kilic, Eray"]
[Black "Nakamura, Hikaru"]
[WhiteFideId "44517173"]
[BlackFideId "2016192"]
[WhiteElo "2328"]
[BlackElo "2885"]
[Result "0-1"]
[Round "03"]
[TimeControl "180+2"]
[Date "2023.05.16"]
[WhiteClock "0:00:54"]
[BlackClock "0:00:48"]

1. e4 d5 2. exd5 Qxd5 3. Nc3 Qa5 4. Bc4 c6 5. d4 Bf5 6. Bd2 e6 7. Nf3 Nf6 8. Nd5 Qd8 9. Nxf6+ gxf6 10. Be3 Nd7 11. Bd3 Bg6 12. Qe2 Qa5+ 13. c3 O-O-O 14. O-O-O Qxa2 15. Bxg6 hxg6 16. Kc2 Qa4+ 17. Kb1 Rh5 18. Qc2 Qa6 19. Nd2 Nb6 20. Qb3 Rb5 21. Qa2 Na4 22. Nb3 Rh5 23. Kc2 Qb5 24. Ra1 Qf5+ 25. Kc1 b5 26. Na5 Qe4 27. Qb3 Nb6 28. Rd1 Rxh2 29. c4 Rd7 30. c5 Nd5 31. Nxc6 Nxe3 32. Nxa7+ Rxa7 33. Rxa7 Nxd1 34. Qxb5 Bh6+ 0-1


[Site "https://www.chess.com"]

[Event "Titled Tuesday Blitz May 16 Early 2023"]
[White "Nihal Sarin"]
[Black "Ilamparthi A R"]
[WhiteFideId "25092340"]
[BlackFideId "45015775"]
[WhiteElo "2689"]
[BlackElo "2348"]
[Result "1-0"]
[Round "03"]
[TimeControl "180+2"]
[Date "2023.05.16"]
[WhiteClock "0:00:17"]
[BlackClock "0:00:14"]

1. e4 c5 2. Nf3 e6 3. c3 d5 4. exd5 exd5 5. d4 Nc6 6. Bb5 Nf6 7. O-O Be7 8. dxc5 Bxc5 9. Re1+ Be6 10. Be3 Qb6 11. Bxc5 Qxc5 12. Na3 O-O 13. Qd2 Rad8 14. Rad1 Ne4 15. Qe3 Qe7 16. Nd4 Nxd4 17. Qxd4 a6 18. Bd3 Nf6 19. Nc2 Qc7 20. Re3 Rfe8 21. Rde1 Qd6 22. h3 Nd7 23. Qh4 h6 24. Nd4 Nc5 25. Bf5 Bd7 26. Bxd7 Qxd7 27. Re7 Qc8 28. Nf5 Ne4 29. Qg4 g6 30. Rxe8+ Rxe8 31. Ne7+ 1-0


[Site "https://www.chess.com"]

[Event "Titled Tuesday Blitz May 16 Early 2023"]
[White "Schmakel, Sam"]
[Black "Firouzja, Alireza"]
[WhiteFideId "2039311"]
[BlackFideId "12573981"]
[WhiteElo "2356"]
[BlackElo "2904"]
[Result "0-1"]
[Round "03"]
[TimeControl "180+2"]
[Date "2023.05.16"]
[WhiteClock "0:00:05"]
[BlackClock "0:00:12"]

1. d4 Nf6 2. c4 g6 3. Nc3 Bg7 4. e4 d6 5. h3 O-O 6. Be3 Nbd7 7. Nf3 e5 8. d5 Nc5 9. Nd2 a5 10. g4 c6 11. Rg1 a4 12. Qc2 Qa5 13. Be2 a3 14. b3 Bd7 15. Rc1 Qb4 16. f3 Rfc8 17. Kf2 Ne8 18. h4 Bf6 19. h5 Bd8 20. Ndb1 Bb6 21. Qd2 Nxb3 22. axb3 a2 23. Nxa2 Bxe3+ 24. Kxe3 Qc5+ 25. Kd3 Qd4+ 26. Kc2 Rxa2+ 0-1


[Site "https://www.chess.com"]

[Event "Titled Tuesday Blitz May 16 Early 2023"]
[White "Dubov, Daniil"]
[Black "Santos Ruiz, Miguel"]
[WhiteFideId "24126055"]
[BlackFideId "22291482"]
[WhiteElo "2793"]
[BlackElo "2499"]
[Result "1-0"]
[Round "03"]
[TimeControl "180+2"]
[Date "2023.05.16"]
[WhiteClock "0:00:32"]
[BlackClock "0:00:00"]

1. e4 e5 2. Nf3 Nc6 3. Bb5 Nf6 4. d3 Bc5 5. Bxc6 dxc6 6. O-O Qe7 7. c3 Nd7 8. Bg5 f6 9. Bh4 Bd6 10. d4 O-O 11. Nbd2 Qf7 12. Re1 Re8 13. Qc2 b6 14. Rad1 h6 15. Nf1 Nf8 16. Ne3 Bd7 17. Bg3 Ng6 18. Nf5 Bf8 19. dxe5 Nxe5 20. Nxe5 fxe5 21. Ne3 Bd6 22. b3 Be6 23. Rd2 Rf8 24. Red1 Rad8 25. Bxe5 Be7 26. Bxc7 Rxd2 27. Qxd2 Bc5 28. Bd6 Bxd6 29. Qxd6 Qxf2+ 30. Kh1 Bh3 31. Qd3 Rf3 32. gxf3 1-0


[Site "https://www.chess.com"]

[Event "Titled Tuesday Blitz May 16 Early 2023"]
[White "Bryakin, Mikhail"]
[Black "Bortnyk, Olexandr"]
[WhiteFideId "4165314"]
[BlackFideId "14120828"]
[WhiteElo "2467"]
[BlackElo "2734"]
[Result "0-1"]
[Round "03"]
[TimeControl "180+2"]
[Date "2023.05.16"]
[WhiteClock "0:00:00"]
[BlackClock "0:01:12"]

1. Nf3 Nf6 2. c4 b6 3. g3 Bb7 4. Bg2 g6 5. O-O Bg7 6. d4 O-O 7. Nc3 Ne4 8. Bd2 e6 9. Nxe4 Bxe4 10. Bc3 d5 11. cxd5 Qxd5 12. Qb3 Qxb3 13. axb3 Nc6 14. e3 a5 15. Nd2 Bxg2 16. Kxg2 Rfd8 17. Nc4 Ne7 18. b4 a4 19. b5 Rd5 20. b3 Rxb5 21. bxa4 Rb3 22. Rfc1 Nd5 23. Bb2 Rb4 24. e4 Nf6 25. f3 Raxa4 26. Rxa4 Rxa4 27. Ba1 Bh6 28. f4 Nxe4 29. Ne5 Bf8 30. Kf3 f5 31. g4 Bd6 32. gxf5 exf5 33. d5 Nd2+ 34. Ke2 Nb3 0-1


[Site "https://www.chess.com"]

[Event "Titled Tuesday Blitz May 16 Early 2023"]
[White "Mamedyarov, Shakhriyar"]
[Black "Wagner, Dennis"]
[WhiteFideId "13401319"]
[BlackFideId "24650684"]
[WhiteElo "2704"]
[BlackElo "2478"]
[Result "1-0"]
[Round "03"]
[TimeControl "180+2"]
[Date "2023.05.16"]
[WhiteClock "0:00:05"]
[BlackClock "0:00:01"]

1. d4 Nf6 2. c4 e6 3. Nc3 Bb4 4. g3 O-O 5. Bg2 d5 6. Nf3 c6 7. O-O a5 8. a3 Be7 9. Qd3 b6 10. Ne5 Ba6 11. Rd1 Nfd7 12. b3 Nxe5 13. dxe5 b5 14. cxb5 cxb5 15. Nxb5 Nc6 16. a4 Nxe5 17. Qe3 Nc6 18. Bb2 Nb4 19. Rac1 Bf6 20. Bxf6 Qxf6 21. Nc7 Rab8 22. Nxa6 Nxa6 23. Qa7 Ra8 24. Qd7 Rfd8 25. Qb5 Nb4 26. e4 Rdb8 27. Qc5 h6 28. exd5 exd5 29. Bxd5 Rc8 30. Bxa8 Rxc5 31. Rxc5 Qb2 32. Be4 g6 33. Rd7 Qxb3 34. Bxg6 Qxa4 35. Rxf7 Qd1+ 36. Kg2 Qd8 37. Rfc7 Qa8+ 38. f3 Qa6 39. Re7 Kf8 40. Re8+ Kg7 41. Bf5 a4 42. Re7+ Kf8 43. Re6 Qb7 44. Rxh6 a3 45. Rh8+ Kg7 46. Rh7+ Kf6 47. Rxb7 a2 48. Ra7 Na6 49. Rxa6+ Kg5 50. Rxa2 1-0


[Site "https://www.chess.com"]

[Event "Titled Tuesday Blitz May 16 Early 2023"]
[White "Andreikin, Dmitry"]
[Black "Bocharov, Dmitry"]
[WhiteFideId "4158814"]
[BlackFideId "4138716"]
[WhiteElo "2736"]
[BlackElo "2469"]
[Result "1-0"]
[Round "03"]
[TimeControl "180+2"]
[Date "2023.05.16"]
[WhiteClock "0:00:07"]
[BlackClock "0:00:00"]

1. d4 Nf6 2. c4 e6 3. Nf3 d5 4. g3 dxc4 5. Bg2 c6 6. Ne5 Bb4+ 7. Bd2 Be7 8. e3 b5 9. a4 b4 10. Nxc4 Ba6 11. b3 O-O 12. O-O Nd5 13. Qc2 Nd7 14. Rd1 c5 15. e4 N5b6 16. Na5 Rc8 17. d5 Nxd5 18. exd5 exd5 19. Bh3 Ne5 20. Bf4 Nf3+ 21. Kg2 Nd4 22. Rxd4 cxd4 23. Bxc8 Qxc8 24. Qc6 Be2 25. Nd2 Qf5 26. Qc7 Bf6 27. Nc6 g5 28. Be5 Re8 29. Bxd4 g4 30. Qd6 Bf3+ 31. Kg1 Bg5 32. Nxf3 gxf3 33. Kh1 h5 34. Rg1 Re2 35. Qb8+ Kh7 36. Qh8+ 1-0


[Site "https://www.chess.com"]

[Event "Titled Tuesday Blitz May 16 Early 2023"]
[White "Csonka, Balazs"]
[Black "Erigaisi Arjun"]
[WhiteFideId "742910"]
[BlackFideId "35009192"]
[WhiteElo "2404"]
[BlackElo "2719"]
[Result "0-1"]
[Round "03"]
[TimeControl "180+2"]
[Date "2023.05.16"]
[WhiteClock "0:00:02"]
[BlackClock "0:00:27"]

1. d4 d6 2. Nf3 g6 3. c4 Bg7 4. Nc3 Nc6 5. g3 Bd7 6. Bg2 Qc8 7. O-O Bh3 8. Qa4 Kf8 9. d5 Ne5 10. Nxe5 Bxe5 11. f4 Bxc3 12. bxc3 h5 13. c5 h4 14. Qd4 Nf6 15. f5 hxg3 16. hxg3 Bxg2 17. Kxg2 Rh5 18. e4 dxc5 19. Qxc5 Nxe4 20. Qd4 gxf5 21. Bf4 c5 22. Qe3 Qd7 23. c4 Qa4 24. Rae1 Qxc4 25. g4 Rh4 26. gxf5 Nf6 27. Qxe7+ Kg7 28. Re6 Qxd5+ 29. Rf3 Rg4+ 30. Kf2 Qxa2+ 31. Re2 Qa1 32. Be5 Qg1# 0-1


[Site "https://www.chess.com"]